 Dungeon Crawl Stone Soup version 0.21.1-1-g345015f (webtiles) character file.

29 tidbits the Charmwright (level 3, -4/31 HPs)
             Began as a Gnoll Skald on June 22, 2018.
             Killed by divine providence
             ... invoked by an orc priest
              (13 damage)
             ... on level 3 of the Dungeon.
             The game lasted 00:02:12 (227 turns).

tidbits the Charmwright (Gnoll Skald)                Turns: 227, Time: 00:02:12

Health: -4/31      AC:  3    Str: 15    XL:     3   Next: 16%
Magic:  4/9        EV: 14    Int: 16    God:
Gold:   11         SH:  0    Dex: 14    Spells: 1/12 levels left

rFire    . . .     SeeInvis .   a - +0 hand axe
rCold    . . .     Gourm    .   (no shield)
rNeg     . . .     Faith    .   b - +0 leather armour
rPois    .         Spirit   .   (no helmet)
rElec    .         Reflect  .   (no cloak)
rCorr    .         Harm     .   (no gloves)
MR       .....                  (no boots)
Stlth    +.........             (no amulet)
HPRegen  0.10/turn              g - +2 ring of strength
MPRegen  0.11/turn              (no ring)

@: lethally poisoned (-4 -> -9), singing
A: distributed training, fangs 1, strong nose
a: no special abilities


You were on level 3 of the Dungeon.
You were not hungry.

You visited 1 branch of the dungeon, and saw 3 of its levels.

You collected 11 gold pieces.

Inventory:

Hand Weapons
 a - a +0 hand axe (weapon)
 e - a +0 dagger
Missiles
 f - 22 arrows
Armour
 b - a +0 leather armour (worn)
 j - a +0 ring mail
Jewellery
 g - a +2 ring of strength (left hand)
   (You found it on level 2 of the Dungeon)
Potions
 h - 2 potions of magic {unknown}
 i - a potion of curing {unknown}
Books
 c - a book of Battle

   Spells                             Type                      Level
   a - Infusion                       Charms                       1
   b - Shroud of Golubria             Charms/Translocation         2
   c - Song of Slaying                Charms                       2
   d - Spectral Weapon                Hexes/Charms                 3
   e - Regeneration                   Charms/Necromancy            3
Comestibles
 d - a ration


   Skills:
 + Level 4.5 Fighting
 + Level 0.6 Short Blades
 + Level 0.6 Long Blades
 + Level 4.5 Axes
 + Level 0.6 Maces & Flails
 + Level 0.6 Polearms
 + Level 0.6 Staves
 + Level 0.6 Slings
 + Level 0.6 Bows
 + Level 0.6 Crossbows
 + Level 0.6 Throwing
 + Level 2.5 Armour
 + Level 4.5 Dodging
 + Level 0.6 Stealth
 + Level 0.6 Shields
 + Level 0.6 Unarmed Combat
 + Level 5.0 Spellcasting
 + Level 0.4 Conjurations
 + Level 0.4 Hexes
 + Level 5.4 Charms
 + Level 0.4 Summonings
 + Level 0.4 Necromancy
 + Level 0.4 Translocations
 + Level 0.4 Transmutations
 + Level 0.4 Fire Magic
 + Level 0.4 Ice Magic
 + Level 0.4 Air Magic
 + Level 0.4 Earth Magic
 + Level 0.4 Poison Magic
 + Level 0.8 Invocations
 + Level 0.6 Evocations


You had one spell level left.
You knew the following spells:

 Your Spells              Type           Power        Failure   Level  Hunger
g - Shroud of Golubria    Chrm/Tloc      ##........   9%          2    #......
i - Infusion              Chrm           ###.         1%          1    None
r - Regeneration          Chrm/Necr      ##........   17%         3    ###....
w - Spectral Weapon       Hex/Chrm       ##......     17%         3    ###....
y - Song of Slaying       Chrm           ###.....     3%          2    #......


Dungeon Overview and Level Annotations

Branches:
Dungeon (3/15)

Altars:


Innate Abilities, Weirdness & Mutations

Your experience applies equally to all skills.
You have very sharp teeth.
Your uncanny sense of smell can sniff out nearby items.


Message History

You miss the goblin. The quokka closely misses you.
The goblin barely misses you. The quokka closely misses you.
You closely miss the quokka.
The quokka is severely wounded.
You barely miss the goblin. The goblin completely misses you.
The quokka bites you but does no damage.
You slash the quokka!
You kill the quokka!
You have reached level 3!
Your experience leads to an increase in your attributes!
Your base attributes are Str 13, Int 15, Dex 14.
Increase (S)trength, (I)ntelligence, or (D)exterity?
You feel clever.
You barely miss the goblin. The goblin hits you but does no damage.
You hit the goblin but do no damage. You bite the goblin.
The goblin is heavily wounded.
The goblin barely misses you.
You barely miss the goblin.
The goblin is heavily wounded.
The goblin closely misses you.
You hit the goblin.
You kill the goblin!
Unknown command.
Memorise Regeneration, consuming 3 spell levels and leaving 3?
You start memorising the spell.
You continue memorising. x3
You finish memorising.
Spell assigned to 'r'.
Casting: Song of Slaying
Confirm with . or Enter, or press ? or * to list all spells.
You miscast Regeneration.
You are very lightly contaminated with residual magic.
You hear strange and distant voices.
Memorise Spectral Weapon, consuming 3 spell levels and leaving 0?
You start memorising the spell.
You continue memorising. x3
You finish memorising.
Spell assigned to 'w'.
Things that are here:
a club; 14 stones; a goblin corpse Your song is almost over.
Your song has ended.
You hear a shout!
A kobold comes into view. It is wielding a dagger of flaming.
Your magical contamination has completely faded away.
Found a hunting sling.
Found a ring mail.
You see here a ring mail.
j - a ring mail An orc comes into view. It is wielding a whip.
You see here a hunting sling.
An orc priest comes into view. It is wielding a hand axe.
The orc shouts!
You see here a hunting sling.
Casting: Regeneration
Confirm with . or Enter, or press ? or * to list all spells.
You start singing a song of slaying.
You hear a shout!
The kobold misses you.
Casting: Song of Slaying
Confirm with . or Enter, or press ? or * to list all spells.
You draw out your weapon's spirit!
You hear a shout!
The orc priest calls down the wrath of Beogh upon you.
Beogh smites you! The kobold closely misses you.
Unknown command. 2 orcs come into view.
An orc is wielding a dagger of venom.
The orc shouts!
You hear a shout!
The orc moves out of view.
You barely miss the kobold. You closely miss the orc priest.
Your spectral weapon hits the kobold.
You kill the kobold!
Your Spellcasting skill increases to level 5!
An orc comes into view. It is wielding a club.
You hit the orc priest.
The orc priest is lightly wounded.
You hit the orc.
Your spectral weapon hits the orc priest.
The orc hits you with a whip.
* * * LOW HITPOINT WARNING * * *
The orc priest closely misses you.
The orc priest hits your spectral weapon but does no damage.
The orc moves out of view.
Unknown command.
You hit the orc priest.
The orc priest is almost dead.
You hit the orc.
You kill the orc!
Your spectral weapon barely misses the orc priest.
The orc priest hits you but does no damage.
The orc priest completely misses your spectral weapon.
The orc throws a tomahawk.
The tomahawk hits you.
* * * LOW HITPOINT WARNING * * *
You hit the orc priest.
The orc priest is almost dead.
You barely miss the orc.
Your spectral weapon barely misses the orc priest.
The orc hits you with a dagger of venom.
* * * LOW HITPOINT WARNING * * *
You are poisoned.
The orc priest mumbles some strange prayers to Beogh against you.
Beogh smites you!
You die...

# ##.....#. #
########........ #
#.K............# #
#.######........ # #.#
#........##
#######.####........##
.K......##.....#####.#
##########.#...)## .##
..# #.#...(@#.###.#
#.# # ###..oo.oo...
#.# ######.#### #.# #
..# (#.# (##.# ## #.#
# .#


You could see an orc priest, 3 orcs and a friendly spectral hand axe.

Vanquished Creatures
  An adder (D:3)
  An orc (D:3)
  4 bats
  A goblin (D:3)
  4 jackals (D:1)
  3 kobolds
  A quokka (D:3)
  2 frilled lizards
17 creatures vanquished.

Notes
Turn   | Place    | Note
-------+----------+-------------------------------------------
     0 | D:1      | tidbits the Gnoll Skald began the quest for the Orb.
     0 | D:1      | Reached XP level 1. HP: 20/20 MP: 6/6
    21 | D:1      | Reached XP level 2. HP: 19/26 MP: 0/7
    25 | D:1      | Learned a level 2 spell: Song of Slaying
    28 | D:1      | Learned a level 2 spell: Shroud of Golubria
   162 | D:3      | Reached XP level 3. HP: 20/31 MP: 6/9
   170 | D:3      | Learned a level 3 spell: Regeneration
   175 | D:3      | Learned a level 3 spell: Spectral Weapon
   224 | D:3      | Reached skill level 5 in Spellcasting
   227 | D:3      | Killed from afar by an orc priest

Skill      XL: |  1  2  3 |
---------------+----------+-----
Spellcasting   | 5 |  5.0
Fighting       | |  4.5
Short Blades   | |  0.6
Long Blades    | |  0.6
Axes           | |  4.5
Maces & Flails | |  0.6
Polearms       | |  0.6
Staves         | |  0.6
Slings         | |  0.6
Bows           | |  0.6
Crossbows      | |  0.6
Throwing       | |  0.6
Armour         | |  2.5
Dodging        | |  4.5
Stealth        | |  0.6
Shields        | |  0.6
Unarmed Combat | |  0.6
Conjurations   | |  0.4
Hexes          | |  0.4
Charms         | |  5.4
Summonings     | |  0.4
Necromancy     | |  0.4
Translocations | |  0.4
Transmutations | |  0.4
Fire Magic     | |  0.4
Ice Magic      | |  0.4
Air Magic      | |  0.4
Earth Magic    | |  0.4
Poison Magic   | |  0.4
Invocations    | |  0.8
Evocations     | |  0.6

Action                   || total
-------------------------++-------
Melee: Hand axe          ||    41
       Bite              ||     5
 Cast: Infusion          ||     2
       Song of Slaying   ||     4
       Shroud of Golubri ||     1
       Spectral Weapon   ||     1
Armor: Leather armour    ||    11
Dodge: Dodged            ||    38

Table legend:
 A = Turns spent in this place as a percentage of turns spent in the entire game.
 B = Non-inter-level travel turns spent in this place as a percentage of non-inter-level travel turns spent in the entire game.
 C = Inter-level travel turns spent in this place as a percentage of turns spent in this place.
 D = Turns resting spent in this place as a percentage of non-inter-level travel turns spent in this place.
 E = Turns spent auto-exploring this place as a percentage of non-inter-level travel turns spent in this place.
 F = Non-inter-level travel turns spent in this place divided by the number of levels of this place that you've seen.
                   A       B       C       D       E      F
               +-------+-------+-------+-------+-------+----------------------
         Total | 100.0 | 100.0 |   0.0 |   0.0 |   0.0 |  75.7
       Dungeon | 100.0 | 100.0 |   0.0 |   0.0 |   0.0 |  75.7
               +-------+-------+-------+-------+-------+----------------------

Table legend:
 A = Kills in this place as a percentage of kills in entire the game.
 B = Kills by you in this place as a percentage of kills by you in the entire game.
 C = Kills by friends in this place as a percentage of kills by friends in the entire game.
 D = Other kills in this place as a percentage of other kills in the entire game.
 E = Experience gained in this place as a percentage of experience gained in the entire game.
 F = Experience gained in this place divided by the number of levels of this place that you have seen.
                   A       B       C       D       E      F
               +-------+-------+-------+-------+-------+----------------------
         Total | 100.0 | 100.0 |   N/A |   N/A | 100.0 |  14.0
       Dungeon | 100.0 | 100.0 |   N/A |   N/A | 100.0 |  14.0
               +-------+-------+-------+-------+-------+----------------------

Vault maps used:
D:1:      dpeg_arrival_tiny_a, nemelex_diamond_rough_becter
D:2:      lemuel_doored_altar
D:3:      first_ration, minivault_24, bloody_trog
